Description

created for my own practice with salt

Build Order

Get SALT Encoding   

  16  0:40  Hatchery  
  18  1:08  Extractor  
  17  1:10  Spawning Pool  
  20  1:48  Overlord  
  20  2:00  Queen x2  
  24  2:01  Zergling x2  
  26  2:12  Metabolic Boost  take 2 drones off gas
  28  2:30  Hatchery  
  30  2:45  Queen  
  32  2:50  Overlord  
  42  3:23  Queen  
  44  3:24  Overlord  when speed finished put 2 drones back on gas
  44  3:35  Roach Warren  
  50  3:45  Lair  
  50  3:50  Extractor x2  
Spawning Tool Build Advisor. Get it on Overwolf

Go to:

Details

  • Created by: dos75824957
  • Published on: May 10, 2019
  • Modified on: May 10, 2019
  • Patch: 4.7.1
Show
View Real Time Build Order
Export as new Build Order

Comments (2)

On May 26, 2019, 9:32 a.m., ANTI  said:

No the 16 hatch is standard now because Terrans and Protoss like to block your hatch at 17

On May 13, 2019, 4:38 a.m., anton.m.petrov@mail.ru  said:

Hi, thanks for good build order.
Is there misstake in build order - on 16 limit, at 0:40 make Hatchery?
May be at 00:54?

Create an account to comment!